Map: Rifts to Korhal

Players

NamroodTuo

  • Race: Zerg Zerg

Grievous

  • Race: Terran Terran

VOD

Have the link to the VOD?

Description

Time

  • Played on: May 18, 2023, 1:18 p.m.
  • Length: 19:31
Show
View Real Time Build Order
Export as new Build Order

NamroodTuo Zerg 

Build Orders:  

Get SALT Encoding   

  12  0:19  Infested Barracks  
  12  0:25  Infested SCV  
  13  0:32  Infested SCV  
  13  0:39  Infested SCV  
  15  0:51  Overlord  
  15  1:15  Overlord  
  15  1:28  Infestation Level 1  
  15  1:34  Infested SCV  
  16  1:44  Infested SCV  
  16  1:45  Infested SCV  
  18  1:52  Infested SCV  
  19  2:00  Infested Refinery  
  19  2:01  Infested SCV  
  20  2:11  Infested SCV  
  21  2:23  Infested Engineering Bay  
  21  2:26  Infested SCV  
  22  2:33  Infested Marine  
  22  2:34  Infested Marine x7  
  30  2:52  Infested SCV, Infested Refinery  
  31  3:00  Overlord  
  31  3:26  Infested SCV  
  31  3:28  Infested Barracks Tech Lab  
  32  3:58  Infested SCV x2  
  34  4:01  Retinal Augmentation  
  34  4:19  Infested SCV, Infested Bunker  
  39  4:20  Overlord  
  31  4:33  Infested SCV  
  32  5:08  Infestation Level 2  
  32  5:17  Overlord  
  32  5:41  Infested Command Center  
  32  6:26  Infested SCV  
  32  6:27  Infested SCV  
  32  6:28  Overlord  
  34  6:31  Stukov Infantry Weapons Level 1  
  34  6:35  Plagued Munitions  
  34  7:07  Anaerobic Enhancement  
  34  7:09  Infested Bunker  
  38  7:20  Infested Missile Turret  
  38  7:28  Infested Marine  
  38  7:29  Infested Marine x11  
  50  7:55  Infested SCV x2  
  48  8:03  Infested Factory  
  48  8:07  Broodling Gestation  
  48  8:08  Infested SCV  
  48  8:09  Infested SCV  
  46  8:51  Infested Bunker  
  46  9:11  Stukov Infantry Armor Level 1  
  46  9:24  Infested SCV  
  46  9:25  Infested SCV x4  
  51  9:42  Infested Armory  
  51  9:43  Infested Bunker  
  55  10:25  Infested SCV x3  
  55  10:26  Infested SCV x2  
  55  10:29  Infested SCV x3  
  63  10:30  Infested SCV  
  63  10:33  Infested Marine  
  63  10:34  Infested Marine x5  
  63  10:35  Infested Marine x5  
  63  10:36  Infested Marine x3  
  78  10:45  Overlord x2  
  78  11:14  Infested Bunker  
  82  11:30  Infested SCV x2  
  82  11:35  Infested Refinery  
  82  11:38  Infested Bunker  
  82  11:39  Infested SCV  
  76  11:41  Aggressive Incubation, Infested Refinery  
  74  11:51  Regenerative Plating  
  74  12:11  Stukov Vehicle and Ship Weapons Level 1  
  74  12:31  Infested SCV x2  
  74  12:32  Overlord  
  74  12:35  Overlord x2  
  74  12:36  Overlord x3  
  76  12:43  Unknown  
  76  12:50  Stukov Infantry Armor Level 2  
  76  13:08  Infested Marine  
  76  13:09  Infested Marine x14  
  91  13:10  Infested Marine x5  
  91  13:16  Infested Barracks  
  96  13:31  Infested Barracks  
  96  13:34  Infested Marine  
  96  13:35  Infested Marine x4  
  92  13:56  Overlord x3  
  85  14:04  Infested Marine x4  
  85  14:05  Infested Marine x2  
  86  14:50  Infested Bunker  
  86  14:51  Stukov Vehicle and Ship Armor Level 1  
  86  14:55  Infested Bunker  
  91  15:39  Infested Missile Turret  
  91  15:41  Infested Missile Turret  
  89  15:57  Infested SCV x5  
  93  16:00  Calcified Armor  
  93  16:01  Overlord  
  93  16:02  Overlord x3  
  93  16:05  Overseer x3  
  93  16:06  Overseer x3  
  93  16:10  Infested Bunker  
  93  16:14  Infested Factory Tech Lab  
  93  16:52  Infested Marine x2  
  93  16:53  Infested Marine x25  
  93  16:54  Infested Marine x24  
  93  16:55  Infested Marine x9  
  113  18:12  Overlord x5  
  113  18:13  Overlord x4  
  113  18:25  Infested Marine  
  113  18:26  Infested Marine x14  
  113  18:27  Infested Marine x11  
  132  18:40  Infested Marine  
  132  18:41  Infested Marine x7  
  132  18:42  Infested Marine x23  
  132  18:43  Infested Marine x4  
  147  18:52  Infested Barracks  
  147  19:09  Infested Barracks  
Show
View Real Time Build Order
Export as new Build Order

Grievous Terran 

Build Orders:  

Get SALT Encoding   

  12  0:04  SCV  
  13  0:14  SCV  
  13  0:19  SCV x6  
  20  0:20  Supply Bunker, Dominion Trooper x6  
  20  0:32  Refinery  
  20  0:34  Refinery  
  20  0:35  SCV  
  21  0:43  SCV  
  22  0:51  SCV  
  22  0:59  SCV  
  24  1:01  Supply Bunker  
  24  1:06  SCV  
  25  1:14  SCV  
  26  1:22  SCV  
  26  1:29  Barracks  
  28  1:43  Dominion Trooper  
  29  1:50  Dominion Trooper  
  29  1:51  Engineering Bay  
  29  1:58  Dominion Trooper  
  30  2:17  Factory  
  31  2:35  Dominion Trooper  
  32  2:43  Dominion Trooper  
  33  2:51  Dominion Trooper  
  33  2:58  Starport, Orbital Trooper Pods  
  33  2:59  Dominion Trooper  
  35  3:07  Dominion Trooper  
  36  3:15  Dominion Trooper  
  37  3:21  Imperial Witness  
  37  3:23  Dominion Trooper  
  39  3:35  Supply Bunker  
  39  3:38  Missile Turret  
  39  3:46  Supply Bunker, Dominion Trooper x6  
  46  3:54  Dominion Trooper  
  47  4:01  Imperial Witness  
  47  4:02  Dominion Trooper  
  47  4:09  Fusion Core  
  50  4:10  Dominion Trooper  
  50  5:05  Supply Bunker  
  50  5:08  Supply Bunker  
  50  5:11  Missile Turret  
  50  5:13  SCV  
  51  5:21  SCV  
  51  5:23  Siege Tank  
  51  5:29  SCV  
  59  5:37  SCV  
  60  5:40  SCV x3  
  60  5:41  SCV x4  
  60  5:45  SCV  
  61  5:53  SCV  
  61  5:55  Command Center  
  61  5:57  Hemispheric Acceleraants  
  62  6:14  SCV  
  63  6:22  SCV  
  63  6:24  Imperial Witness  
  66  6:30  SCV  
  66  6:31  Refinery  
  66  6:34  Refinery  
  66  6:38  SCV  
  68  6:52  SCV  
  68  6:53  SCV  
  70  7:00  SCV  
  70  7:01  SCV  
  70  7:08  SCV x2  
  74  7:16  SCV  
  75  8:02  Imperial Witness  
  75  8:04  Supply Bunker, Dominion Trooper x6  
  83  8:20  Neosteel Armor  
  83  8:21  Dominion Trooper x2  
  83  8:27  Siege Tank  
  83  8:29  Dominion Trooper x2  
  93  8:37  Dominion Trooper x2  
  93  8:51  Supply Bunker  
  93  8:55  Supply Bunker  
  93  8:56  Unknown x5  
  93  8:57  Unknown x5  
  93  8:59  Imperial Witness  
  93  9:08  SCV x2  
  95  9:16  SCV x2  
  97  9:24  SCV x2  
  97  9:26  Earthsplitter Ordinance  
  97  9:27  Earthsplitter Ordinance  
  99  9:32  SCV x2  
  99  9:37  Earthsplitter Ordinance  
  101  9:40  SCV x2  
  101  9:42  Earthsplitter Ordinance  
  101  9:47  Earthsplitter Ordinance  
  101  9:49  SCV x2  
  105  9:56  SCV  
  105  9:57  SCV, Supply Bunker, Dominion Trooper x6  
  113  10:04  SCV  
  113  10:05  SCV  
  115  10:12  SCV x2  
  117  10:20  SCV x2  
  117  10:28  SCV x2  
  121  10:35  Supply Bunker, Dominion Trooper x6  
  121  10:36  SCV  
  128  10:50  SCV  
  128  10:51  SCV  
  128  10:58  SCV x2, Missile Turret  
  128  10:59  Battlecruiser  
  142  11:06  SCV x2  
  144  11:14  Earthsplitter Ordinance, SCV x2  
  144  11:15  Earthsplitter Ordinance  
  144  11:17  Earthsplitter Ordinance  
  146  11:22  SCV x2  
  148  11:47  SCV x2  
  150  11:54  Amplified Airwaves  
  150  11:56  Aim-assist Embrasures  
  150  12:20  Missile Turret  
  150  12:22  Earthsplitter Ordinance  
  150  12:30  Earthsplitter Ordinance  
  150  12:56  Terran Infantry Weapons Level 1  
  150  13:02  Supply Bunker  
  150  13:05  Supply Bunker x2  
  150  13:07  Supply Bunker  
  150  13:22  SCV x2  
  152  13:30  SCV x2  
  152  13:38  SCV x2  
  156  13:46  SCV x2  
  158  13:50  Earthsplitter Ordinance x2  
  158  13:54  SCV x2  
  160  14:02  SCV x2  
  168  14:10  SCV  
  168  14:11  Supply Bunker, Dominion Trooper x6  
  168  14:12  Unknown x3  
  168  14:13  Unknown x7  
  169  15:14  SCV x2  
  171  15:22  SCV x2  
  173  15:30  SCV x2  
  173  15:34  Battlecruiser  
  173  15:38  SCV x2  
  187  15:46  SCV x2, Field-Assist Targeting System  
  189  15:54  SCV x2  
  191  16:04  Earthsplitter Ordinance  
  191  16:06  Earthsplitter Ordinance  
  191  16:08  Earthsplitter Ordinance  
  191  16:22  Earthsplitter Ordinance  
  191  16:26  Earthsplitter Ordinance  
  191  17:00  SCV x2  
  191  17:08  SCV x2  
  195  17:16  SCV x2  
  197  17:24  SCV x2  
  197  17:25  Armory  
  199  17:32  SCV  
  200  18:06  Unknown x11  
  200  18:07  Unknown x4  
Tags
 
Commander
MengskStukov
Matchup
Co-op
Replay Pack
Multiplayer
Add a new tag
Caveats
  • Supply blocks, unpowered buildings, or Contaminate may cause inaccurate times.
  • Supply counts are checked every 10 seconds.